 Dungeon Sprint DCSS version 0.27-a0-95-g5a9077b8ae (webtiles) character file.

Game seed: 520043347796105353

2276 mhtbhm the Fighter (level 9, -4/139 HPs)
             Began as a Yellow Draconian Berserker on Jan 19, 2021.
             Was a High Priest of Trog.
             Slain by a 13-headed hydra (12 damage)
             ... in the Dungeon (Sprint IX: "|||||||||||||||||||||||||||||").
             The game lasted 00:01:00 (778 turns).

mhtbhm the Fighter (Yellow Draconian Berserker)      Turns: 778, Time: 00:01:02

Health: -4/139     AC: 10    Str: 26    XL:     9   Next: 16%
Magic:  9/9        EV: 17    Int:  8    God:    Trog [*****.]
Gold:   0          SH:  0    Dex: 10    Spells: 8/8 levels left

rFire    . . .     SeeInvis .   a - +2 scimitar (vorpal)
rCold    . . .     Faith    .   (no shield)
rNeg     . . .     Spirit   .   (armour unavailable)
rPois    .         Reflect  .   (helmet restricted)
rElec    .         Harm     .   k - +0 cloak
rCorr    +         Rampage  .   (no gloves)
Will     .....     NoTele   +   (no boots)
Stlth    ..........             (no amulet)
HPRegen  0.33/turn              l - +2 ring of protection
MPRegen  0.11/turn              m - +3 ring of strength

@: berserking, short of breath, very quick
A: spit acid, unfitting armour, cold-blooded, acid resistance, AC +7
a: Breathe Acid, Renounce Religion, Berserk, Trog's Hand, Brothers in Arms


You were in the Dungeon.
You worshipped Trog.
Trog was extremely pleased with you.
You visited 1 branch

Inventory:

Hand Weapons
 a - a +2 vorpal scimitar (weapon)
Armour
 k - a +0 cloak (worn)
Jewellery
 l - a +2 ring of protection (left hand)
 m - a +3 ring of strength (right hand)
Wands
 j - a wand of iceblast (10)
Scrolls
 g - 2 scrolls of blinking
 i - 3 scrolls of remove curse
Potions
 b - 5 potions of curing
 c - 3 potions of heal wounds
 d - a potion of haste
 e - 4 potions of magic
 f - a potion of berserk rage
 h - a potion of invisibility


   Skills:
 + Level 13.1 Fighting
 + Level 12.7 Long Blades
 + Level 11.0 Dodging
 + Level 1.3 Stealth


You had 8 spell levels left.
You didn't know any spells.
Your spell library was empty.

Dungeon Overview and Level Annotations

Branches:
Dungeon (1/1)

Altars:
Cheibriados
Dithmenos
Elyvilon
Fedhas
Gozag
Hepliaklqana
Kikubaaqudgha
Makhleb
Nemelex Xobeh
Okawaru
Qazlal
Ru
Sif Muna
Trog
Uskayaw
Vehumet
Wu Jian
Xom
Yredelemnul
Zin
The Shining One
Beogh
Jiyva
Lugonu


Innate Abilities, Weirdness & Mutations

You can spit globs of acid.
Your golden yellow scales are hard. (AC +7)
You cannot fit into any form of body armour.
You are cold-blooded and may be slowed by cold attacks.
You are resistant to acid. (rCorr)


Message History

You hack one of the 12-headed hydra's heads off!
The 11-headed hydra grows two more!
You slice the 13-headed hydra!!
The 13-headed hydra is almost dead.
The 13-headed hydra barely misses you.
The 13-headed hydra bites you but does no damage. x2
The 13-headed hydra bites you!
* * * LOW HITPOINT WARNING * * *
The 13-headed hydra bites you!
* * * LOW HITPOINT WARNING * * *
The 13-headed hydra bites you.
* * * LOW HITPOINT WARNING * * *
The 13-headed hydra bites you.
* * * LOW HITPOINT WARNING * * *
The 13-headed hydra bites you.
* * * LOW HITPOINT WARNING * * *
The 13-headed hydra bites you but does no damage.
The 13-headed hydra closely misses you. The 13-headed hydra misses you.
The 13-headed hydra completely misses you.
The 13-headed hydra bites you!
You die... ▓▓▓▓▓▓▓▓▓▓▓▓▓▓▓▓▓▓▓▓▓▓▓▓ ...OBJD@...))((.[[.()?.' ▓▓▓▓▓▓▓▓▓▓▓▓▓▓▓▓▓▓▓▓▓▓▓▓

You could see a 13-headed hydra (corroded), a slime creature, an ogre and a worker ant.

Vanquished Creatures
  A death knight (D)
  A two-headed ogre (D)
  An unseen horror (D)
  A water moccasin (D)
  An ice beast (D)
  A black bear (D)
  An eye of draining (D)
  A centaur (D)
  A bullfrog (D)
  A killer bee (D)
  An iguana (D)
  A worm (D)
  A dart slug (D)
  3 kobolds (D)
  A bat (D)
  A quokka zombie (D)
18 creatures vanquished.

Notes
Turn   | Place    | Note
-------+----------+-------------------------------------------
     0 | D        | mhtbhm the Draconian Berserker began the quest for the Orb.
     0 | D        | Reached XP level 1. HP: 19/19 MP: 1/1
    12 | D        | Reached ** piety under Trog
    16 | D        | Reached skill level 4 in Fighting
   180 | D        | Noticed an ice beast
   180 | D        | Noticed a water moccasin
   180 | D        | Noticed an iguana
   183 | D        | Killed an iguana
   184 | D        | Reached skill level 5 in Fighting
   184 | D        | Reached XP level 2. HP: 29/29 MP: 2/2
   184 | D        | Reached XP level 3. HP: 36/36 MP: 3/3
   187 | D        | Reached *** piety under Trog
   190 | D        | Killed a water moccasin
   191 | D        | Reached skill level 7 in Fighting
   191 | D        | Reached XP level 4. HP: 47/47 MP: 4/4
   191 | D        | Reached XP level 5. HP: 52/52 MP: 5/5
   193 | D        | Killed an ice beast
   194 | D        | Reached skill level 8 in Fighting
   235 | D        | Found a roughly hewn altar of Beogh.
   235 | D        | Found a snail-covered altar of Cheibriados.
   235 | D        | Found a shadowy altar of Dithmenos.
   235 | D        | Found a white marble altar of Elyvilon.
   235 | D        | Found a blossoming altar of Fedhas.
   235 | D        | Found an opulent altar of Gozag.
   236 | D        | Found a hazy altar of Hepliaklqana.
   237 | D        | Found a viscous altar of Jiyva.
   238 | D        | Found an ancient bone altar of Kikubaaqudgha.
   239 | D        | Found a corrupted altar of Lugonu.
   240 | D        | Found a burning altar of Makhleb.
   241 | D        | Found a sparkling altar of Nemelex Xobeh.
   242 | D        | Found an iron altar of Okawaru.
   243 | D        | Found a stormy altar of Qazlal.
   244 | D        | Found a sacrificial altar of Ru.
   245 | D        | Found a shimmering blue altar of Sif Muna.
   246 | D        | Found a bloodstained altar of Trog.
   247 | D        | Found a hide-covered altar of Uskayaw.
   248 | D        | Found a radiant altar of Vehumet.
   249 | D        | Found an ornate altar of the Wu Jian Council.
   250 | D        | Found a shimmering altar of Xom.
   251 | D        | Found a basalt altar of Yredelemnul.
   252 | D        | Found a glowing silver altar of Zin.
   253 | D        | Found a glowing golden altar of the Shining One.
   388 | D        | Noticed a two-headed ogre
   388 | D        | Noticed a black bear
   388 | D        | Noticed a centaur
   390 | D        | Reached **** piety under Trog
   391 | D        | Reached XP level 6. HP: 62/62 MP: 6/6
   395 | D        | Killed an unseen horror
   396 | D        | Reached skill level 10 in Fighting
   396 | D        | Reached skill level 10 in Long Blades
   396 | D        | Your scales start taking on a golden yellow colour.
   396 | D        | Reached XP level 7. HP: 63/73 MP: 7/7
   396 | D        | Gained mutation: You are resistant to acid. (rCorr) [Yellow
                  | Draconian growth]
   401 | D        | Reached skill level 11 in Fighting
   404 | D        | Killed a two-headed ogre
   404 | D        | Reached ***** piety under Trog
   405 | D        | Reached skill level 12 in Fighting
   405 | D        | Reached skill level 10 in Dodging
   405 | D        | Reached skill level 1 in Stealth
   405 | D        | Reached XP level 8. HP: 52/83 MP: 8/8
   610 | D        | Noticed a slime creature
   610 | D        | Noticed an eight-headed hydra
   610 | D        | Noticed a death knight
   619 | D        | Killed a death knight
   620 | D        | Reached skill level 13 in Fighting
   620 | D        | Reached XP level 9. HP: 81/93 MP: 4/9
   778 | D        | Slain by a 13-headed hydra

Illustrated notes

Levels and vault maps discovered:
D:        linesprint [early_d, line_temple, items_1, d_10, items_2, lair_1,
          lair_end, items_3, orc_1, orc_end, items_4, d_15, swamp_1, shoals_1,
          snake_1, spider_1, d_20, vaults_1, items_5, swamp_end, shoals_end,
          snake_end, spider_end, vaults_end, d_27, items_6, zot_1, zot_end,
          crypt_end, forest_end, elf_end, slime_end, tomb_end, abyss_end,
          pan_hell_end]

Skill      XL: |  1  2  3  4  5  6  7  8  9 |
---------------+----------------------------+-----
Dodging        | 4 6 7 8 10 11 | 11.0
Fighting       | 5 7 8 10 12 13 | 13.1
Long Blades    | 4 6 7 10 11 12 | 12.7
Stealth        | 1 |  1.3

Action                   |  1- 3 |  4- 6 |  7- 9 || total
-------------------------+-------+-------+-------++-------
Melee: Falchion          |    21 |     4 |       ||    25
       Tailslap          |     4 |     4 |     4 ||    12
       Scimitar          |       |     6 |    24 ||    30
Invok: Berserk           |     1 |     1 |     2 ||     4
 Abil: Breathe Acid      |       |       |     2 ||     2
Armor: Skin              |     3 |     1 |    12 ||    16
Dodge: Dodged            |     9 |     4 |    35 ||    48
       Rpst.: Falchion   |     3 |       |       ||     3

Table legend: (Time is in decaauts)
 A = Elapsed time spent in this place.
 B = Non-inter-level travel time spent in this place.
 C = Inter-level travel time spent in this place.
 D = Time resting spent in this place.
 E = Time spent auto-exploring this place.
 F = Levels seen in this place.
 G = Mean time per level.
                   A        B        C        D        E       F      G
               +--------+--------+--------+--------+--------+-----+--------+
         Total |    802 |    802 |      0 |    664 |      3 |   1 |  802.0 |
       Dungeon |    802 |    802 |      0 |    664 |      3 |   1 |  802.0 |
               +--------+--------+--------+--------+--------+-----+--------+

Top non-repeatable levels by time:
       D: 802 daAuts
